 Dungeon Crawl Stone Soup version 0.31-a0-208-gdb31a4691d (webtiles) character file.

Game seed: 4261718304734181373

337 senseless the Ducker (level 6, -1/43 HPs)
             Began as an Octopode Gladiator on June 28, 2023.
             Was a Believer of Nemelex Xobeh.
             Slain by an orc
             ... wielding a +2 hand axe of venom
              (7 damage)
             ... on level 3 of the Dungeon.
             The game lasted 00:05:29 (2658 turns).

senseless the Ducker (Octopode Gladiator)           Turns: 2658, Time: 00:05:31

Health: -1/43      AC:  3    Str: 14    XL:     6   Next: 54%
Magic:  6/6        EV: 15    Int: 13    God:    Nemelex Xobeh [**....]
Gold:   87         SH:  0    Dex: 15    Spells: 5/5 levels left

rFire   . . .        a - +0 long sword (venom)
rCold   . . .        (no shield)
rNeg    . . .        f - +2 hat {Int+3}
rPois   .            h - amulet of faith
rElec   .            (no ring)
rCorr   .            (no ring)
SInv    .            (no ring)
Will    .....        (no ring)
Stlth   ++           (no ring)
HPRegen 0.27/turn    (no ring)
MPRegen 0.10/turn    (no ring)
                     (no ring)

%: faith
@: lethally poisoned (-1 -> -17)
A: almost no armour, amphibious, 8 rings, camouflage 1, gelatinous body 1,
(nimble swimmer 1), tentacles
a: Renounce Religion, Draw Escape, Draw Destruction, Draw Summoning


You were on level 3 of the Dungeon.
You worshipped Nemelex Xobeh.
Nemelex Xobeh was pleased with you.
You visited 1 branch of the dungeon, and saw 3 of its levels.

You collected 87 gold pieces.

Inventory:

Hand Weapons
 a - a +0 long sword of venom (weapon)
 b - a +2 short sword of speed
Missiles
 c - 3 throwing nets (quivered)
 d - a javelin
Armour
 f - a +2 hat of intelligence (worn)
Jewellery
 h - an amulet of faith (around mantle)
Potions
 e - a potion of might
 g - 2 potions of degeneration {unknown}
 i - a potion of ambrosia {unknown}
 j - a potion of mutation {unknown}
 k - 2 potions of heal wounds {unknown}


   Skills:
 + Level 4.2 Fighting
 + Level 4.7 Long Blades
 - Level 2.0 Throwing
 + Level 4.7 Dodging


You had 5 spell levels left.
You didn't know any spells.
Your spell library was empty.

Dungeon Overview and Level Annotations

Branches:
Dungeon (3/15)

Altars:
Nemelex Xobeh

Shops:
D:1 :

Annotations:
D:3 1 runed translucent door, vineage's ghost, amateur GrFi


Innate Abilities, Weirdness & Mutations

You cannot wear most types of armour.
You are amphibious.
You can wear up to eight rings at the same time.
Your skin changes colour to match your surroundings (Stealth+).
Your rubbery body absorbs attacks. (AC +1, EV +1)
((You are camouflaged when in or above water. (Stealth+)))
You have tentacles for arms and can constrict up to eight enemies at once.


Message History

Grinder completely misses you. The orc closely misses you.
You hit Grinder but do no damage.
Grinder looks as sick as possible!
You grab Grinder.
Grinder is lightly wounded.
You constrict Grinder. The orc misses you.
Grinder struggles to blink free from constriction.
The orc hits you with a +2 hand axe of venom.
You slash Grinder!
Grinder looks as sick as possible!
Grinder is heavily wounded.
You constrict Grinder. The orc closely misses you. Grinder barely misses you.
The orc hits you with a +2 hand axe of venom!
You are poisoned.
Grinder hits you. The orc closely misses you. The orc barely misses you.
You are too injured to fight recklessly!
You are too injured to fight recklessly!
You are too injured to fight recklessly!
You are too injured to fight recklessly!
You are too injured to fight recklessly!
You are too injured to fight recklessly!
You are too injured to fight recklessly!
You are too injured to fight recklessly!
You are too injured to fight recklessly!
You are too injured to fight recklessly!
You are too injured to fight recklessly!
You are too injured to fight recklessly!
You hit Grinder.
Grinder is severely wounded.
You constrict Grinder.
You feel very sick. The orc completely misses you. Grinder closely misses you.
The orc hits you with a +2 hand axe of venom.
* * * LOW HITPOINT WARNING * * *
You are lethally poisoned!
You slash Grinder!
You kill Grinder!
* * * LOW HITPOINT WARNING * * *
You feel very sick.
The orc hits you with a +2 hand axe of venom!
You die...
Your body glows slightly and disappears.

####### .......
....... ..)....
#############.......
##...........@oo.....
#....#########.......
####..# ....... ##)#
....... #)# .:.....
#.## ....... #..###
####.## ##...# .#
##########.#


You could see 2 orcs.

Vanquished Creatures
  Grinder (D:3)
  A bullfrog (D:3)
  A hound (D:2)
  Natasha (thrice) (D:2)
  Terence (D:2)
  4 gnolls (D:3)
  3 adders
  5 worms
  3 orcs (D:3)
  3 ball pythons
  8 bats
  11 endoplasms
  2 giant cockroaches (D:1)
  4 goblins
  3 hobgoblins
  A jackal (D:2)
  4 quokkas
  5 frilled lizards
  4 kobolds
  3 rats
70 creatures vanquished.

Notes
Turn   | Place    | Note
-------+----------+-------------------------------------------
     0 | D:1      | senseless the Octopode Gladiator began the quest for the
                  | Orb.
     0 | D:1      | Reached XP level 1. HP: 14/14 MP: 1/1
    23 | D:1      | Found Wom Liaz's Book Emporium.
   148 | D:1      | Reached XP level 2. HP: 19/19 MP: 2/2
   379 | D:1      | Reached XP level 3. HP: 21/25 MP: 3/3
   925 | D:1      | Identified a scroll of acquirement
   925 | D:1      | Acquired a +2 hat of intelligence
  1076 | D:2      | Noticed Natasha
  1082 | D:2      | Killed Natasha
  1083 | D:2      | Reached XP level 4. HP: 24/31 MP: 4/4
  1090 | D:2      | Noticed Natasha
  1093 | D:2      | Killed Natasha
  1377 | D:2      | Noticed Terence
  1386 | D:2      | Killed Terence
  1387 | D:2      | Reached XP level 5. HP: 28/36 MP: 5/5
  1436 | D:2      | Noticed Natasha
  1441 | D:2      | Killed Natasha
  1639 | D:2      | Found a faded altar of an unknown god.
  1646 | D:2      | Prayed at the altar of an unknown god.
  1646 | D:2      | Became a worshipper of Nemelex Xobeh the Trickster
  1646 | D:2      | Reached * piety under Nemelex Xobeh
  1662 | D:2      | Received a gift from Nemelex Xobeh
  2036 | D:3      | Found a runed translucent door.
  2036 | D:3      | Noticed vineage's ghost (amateur GrFi)
  2166 | D:3      | Reached XP level 6. HP: 43/43 MP: 6/6
  2229 | D:3      | Received a gift from Nemelex Xobeh
  2345 | D:3      | Reached ** piety under Nemelex Xobeh
  2645 | D:3      | Noticed Grinder
  2658 | D:3      | Killed Grinder
  2658 | D:3      | Slain by an orc

Illustrated notes

Levels and vault maps discovered:
D:1:      zelgadis_glass_arrival_small, layout_basic, serial_shops,
          nicolae_shop_window_shopping, hangedman_decor_peaks_small,
          serial_park_tiny_2, minmay_vboxes
D:2:      layout_basic, dreamdust_ecumenical_altar_statues, serial_bayou_pond_a,
          minmay_fractal_squares_5, uniq_natasha, uniq_terence
D:3:      layout_rooms, gammafunk_ghost_grave, uniq_grinder

Skill      XL: |  1  2  3  4  5  6 |
---------------+-------------------+-----
Fighting       | 3 4 |  4.2
Long Blades    | 4 |  4.7
Dodging        | 4 |  4.7
Throwing       | |  2.0

Action                     |  1- 3 |  4- 6 || total
---------------------------+-------+-------++-------
  Melee: Long sword        |    58 |    77 ||   135
         Constrict         |    18 |    20 ||    38
         Tentacles         |    11 |    16 ||    27
    Use: Scroll            |     4 |     1 ||     5
   Stab: Sleeping          |     4 |     2 ||     6
         Distracted        |       |     1 ||     1
 Armour: Skin              |     8 |     9 ||    17
  Dodge: Dodged            |    34 |    69 ||   103

Table legend: (Time is in decaauts)
 A = Elapsed time spent in this place.
 B = Non-inter-level travel time spent in this place.
 C = Inter-level travel time spent in this place.
 D = Time resting spent in this place.
 E = Time spent auto-exploring this place.
 F = Levels seen in this place.
 G = Mean time per level.
                   A        B        C        D        E       F      G
               +--------+--------+--------+--------+--------+-----+--------+
         Total |   2696 |   2597 |     99 |    178 |   1963 |   3 |  898.7 |
       Dungeon |   2696 |   2597 |     99 |    178 |   1963 |   3 |  898.7 |
               +--------+--------+--------+--------+--------+-----+--------+

Top non-repeatable levels by time:
     D:2: 1077 daAuts
     D:1: 1035 daAuts
     D:3: 582 daAuts
